 Dungeon Crawl Stone Soup version 0.21.1-1-g345015f (console) character file.

1873 erker the Changer (level 9, -13/64 HPs)
             Began as an Octopode Transmuter on May 8, 2018.
             Was an Initiate of Cheibriados.
             Mangled by Zebulonius's ghost (24 damage)
             ... on level 7 of the Dungeon.
             The game lasted 00:29:41 (7757 turns).

erker the Changer (Octopode Transmuter)             Turns: 7757, Time: 00:29:42

Health: -13/64     AC:  7    Str: 10    XL:     9   Next: 14%
Magic:  23/26      EV: 11    Int: 20    God:    Cheibriados [......]
Gold:   389        SH:  0    Dex: 13    Spells: 13/19 levels left

rFire    x . .     SeeInvis +     - Unarmed
rCold    + + +     Gourm    .   (shield currently unavailable)
rNeg     . . .     Faith    .   (helmet currently unavailable)
rPois    +         Spirit   .   (no amulet)
rElec    .         Reflect  .   B - ring of see invisible
rCorr    .         Harm     .   z - ring of magical power
MR       .....                  (no ring)
Stlth    +.........             (no ring)
HPRegen  0.20/turn              (no ring)
MPRegen  0.20/turn              (no ring)
                                (no ring)
                                (no ring)

@: ice-form, very slightly contaminated, invisible (expiring), very slow
A: large, almost no armour, stealthy swim, amphibious, 8 rings, (constrict 8)
a: End Transformation, Bend Time, Renounce Religion


You were on level 7 of the Dungeon.
You worshipped Cheibriados.
Cheibriados was noncommittal.
You were hungry.
You were a creature of crystalline ice.
You visited 2 branches of the dungeon, and saw 8 of its levels.

You collected 389 gold pieces.

Inventory:

Missiles
 a - 57 arrows
 e - 46 bolts
 h - 7 tomahawks (quivered)
 l - 35 poisoned needles
 q - 10 javelins
Armour
 k - a +2 buckler
Jewellery
 z - a ring of magical power (right front paw)
 B - a ring of see invisible (left front paw)
Wands
 d - a wand of flame (24)
 w - a wand of scattershot (3)
 y - a wand of random effects (25)
 C - a wand of polymorph (14)
Scrolls
 c - a scroll of fog {unknown}
 f - 3 scrolls of teleportation
 g - a scroll of immolation
 m - 2 scrolls of amnesia
 o - a scroll of remove curse
 p - a scroll of blinking
 r - a scroll of random uselessness {unknown}
 D - a scroll of noise {unknown}
Potions
 i - a potion of invisibility
 j - a potion of brilliance
 n - 2 potions of heal wounds
 s - 2 potions of mutation
 t - 2 potions of magic
 u - 3 potions of curing {unknown}
Books
 b - a book of Changes

   Spells                             Type                      Level
   a - Beastly Appendage              Transmutation                1
   b - Sticks to Snakes               Transmutation                2
   c - Spider Form                    Transmutation/Poison         3
   d - Ice Form                       Ice/Transmutation            4
   e - Blade Hands                    Transmutation                5
 v - a book of Callings

   Spells                             Type                      Level
   a - Summon Small Mammal            Summoning                    1
   b - Call Imp                       Summoning                    2
   c - Call Canine Familiar           Summoning                    3
   d - Summon Guardian Golem          Hexes/Summoning              3
   e - Summon Lightning Spire         Summoning/Air                4
   f - Summon Ice Beast               Ice/Summoning                4
Comestibles
 x - 4 rations
 A - 2 chunks of flesh


   Skills:
 + Level 2.0 Fighting
 + Level 3.2 Dodging
 + Level 0.4 Stealth
 + Level 5.3 Unarmed Combat
 + Level 5.5 Spellcasting
 * Level 7.0 Transmutations
 * Level 4.7 Ice Magic


You had 13 spell levels left.
You knew the following spells:

 Your Spells              Type           Power        Failure   Level  Hunger
t - Sticks to Snakes      Tmut           ####....     1%          2    None
y - Ice Form              Ice/Tmut       ####....     10%         4    ####...


Dungeon Overview and Level Annotations

Branches:
Dungeon (7/15)             Temple (1/1) D:6

Altars:
Ashenzari
Cheibriados
Dithmenos
Elyvilon
Fedhas
Hepliaklqana
Kikubaaqudgha
Makhleb
Okawaru
Qazlal
Ru
Sif Muna
Vehumet
Wu Jian
Xom
Yredelemnul
Zin
The Shining One

Annotations:
D:4 dig
D:7 Zebulonius's ghost, novice MiBe


Innate Abilities, Weirdness & Mutations

You cannot wear most types of armour.
You are very stealthy in the water. (Stealth+)
You are amphibious.
You can wear up to eight rings at the same time.
((You can use your tentacles to constrict eight enemies at once.))
((Your skin changes colour to match your surroundings (Stealth+).))
((Your rubbery body absorbs attacks. (AC +1, EV +1)))


Message History

Your ball python dies!
You hit Zebulonius's ghost but do no damage.
Zebulonius's ghost is severely damaged.
Your adder closely misses Zebulonius's ghost.
You catch the helpless Zebulonius's ghost completely off-guard!
You hit Zebulonius's ghost but do no damage.
Zebulonius's ghost is severely damaged.
Your adder bites Zebulonius's ghost but does no damage.
Zebulonius's ghost hits you but does no damage.
Your adder bites Zebulonius's ghost but does no damage.
You catch the helpless Zebulonius's ghost completely off-guard!
You hit Zebulonius's ghost but do no damage.
Zebulonius's ghost is severely damaged.
Zebulonius's ghost closely misses you.
Your adder barely misses Zebulonius's ghost.
You hit Zebulonius's ghost.
Zebulonius's ghost is severely damaged.
Your adder withers and dies!
Zebulonius's ghost hits you!!
You die...

...... .........### .
...#....... .. ##+
#.......... #. ...
#..........
.#..#######.####..........
.....<................)...
.#....#.#####.##..........
#....#.##......Y.......#
.....##.##.......W........
..........................
...##.##...##+#...#####...
...... #............. ..
..... #............. %
..... ..#.............
.... .#.#.............
..... ........#.#####


You could see Zebulonius's ghost.

Vanquished Creatures
  Sigmund (D:4)
  Eustachio (D:3)
  A water moccasin (D:5)
  Duvessa (D:4)
  A sky beast (D:4)
  2 black bears (D:6)
  An ogre (D:4)
  A necrophage (D:6)
  A centaur (D:5)
  A bullfrog (D:6)
  Dowan (D:4)
  2 scorpions
  A centaur zombie (D:6)
  4 bullfrog zombies (D:6)
  A jelly (D:6)
  2 quasits
  A hound (D:4)
  Jessica (D:3)
  An iguana (D:6)
  A worker ant (D:6)
  A killer bee zombie (D:6)
  2 hound zombies (D:6)
  A hound skeleton (D:6)
  A howler monkey zombie (D:6)
  5 worker ant zombies (D:6)
  Robin (D:4)
  6 adders
  A worm (D:2)
  A dart slug (D:2)
  4 leopard geckos
  9 orcs
  A ball python (D:1)
  13 bats
  5 giant cockroaches
  15 goblins
  10 hobgoblins
  6 jackals
  5 kobolds
  A quokka (D:2)
  3 frilled lizards
  3 quokka zombies (D:6)
  5 rats
125 creatures vanquished.

Vanquished Creatures (collateral kills)
  A bullfrog zombie (D:6)
1 creature vanquished.

Grand Total: 126 creatures vanquished

Notes
Turn   | Place    | Note
-------+----------+-------------------------------------------
     0 | D:1      | erker the Octopode Transmuter began the quest for the Orb.
     0 | D:1      | Reached XP level 1. HP: 13/13 MP: 3/3
   114 | D:1      | Reached XP level 2. HP: 6/18 MP: 5/5
   314 | D:1      | Learned a level 2 spell: Sticks to Snakes
   496 | D:1      | Reached XP level 3. HP: 12/23 MP: 6/6
   740 | D:1      | Reached skill level 3 in Transmutations
  1467 | D:2      | Reached XP level 4. HP: 11/28 MP: 4/8
  1700 | D:2      | Found a faded altar of an unknown god.
  2515 | D:4      | Noticed Duvessa
  2531 | D:4      | Noticed Dowan
  2818 | D:4      | Learned a level 4 spell: Ice Form
  3187 | D:4      | Noticed Sigmund
  3759 | D:3      | Noticed Jessica
  3772 | D:3      | Reached skill level 4 in Transmutations
  3830 | D:3      | Reached XP level 5. HP: 21/33 MP: 3/9
  4103 | D:3      | Killed Jessica
  4449 | D:4      | Noticed Eustachio
  4477 | D:3      | Reached skill level 1 in Ice Magic
  4643 | D:3      | Killed Eustachio
  4643 | D:3      | Reached XP level 6. HP: 10/38 MP: 7/12
  4922 | D:4      | Reached skill level 5 in Transmutations
  4925 | D:4      | Reached XP level 7. HP: 42/43 MP: 7/13
  5032 | D:4      | Killed Duvessa
  5047 | D:4      | Killed Dowan
  5054 | D:4      | Noticed Robin
  5061 | D:4      | Killed Robin
  5142 | D:4      | Reached skill level 6 in Transmutations
  5517 | D:4      | Killed Sigmund
  5517 | D:4      | Reached skill level 5 in Spellcasting
  5517 | D:4      | Reached XP level 8. HP: 48/48 MP: 7/15
  5652 | D:5      | Entered Level 5 of the Dungeon
  6271 | D:5      | Found a shimmering altar of Xom.
  6271 | D:5      | Found a radiant altar of Vehumet.
  7126 | D:6      | Found a staircase to the Ecumenical Temple.
  7133 | Temple   | Entered the Ecumenical Temple
  7197 | Temple   | Became a worshipper of Cheibriados the Contemplative
  7467 | D:6      | Reached skill level 5 in Unarmed Combat
  7467 | D:6      | Reached XP level 9. HP: 27/52 MP: 17/17
  7490 | D:6      | Reached skill level 7 in Transmutations
  7658 | D:7      | Noticed Zebulonius's ghost (novice MiBe)
  7757 | D:7      | Mangled by Zebulonius's ghost

Skill      XL: |  1  2  3  4  5  6  7  8  9 |
---------------+----------------------------+-----
Transmutations | 3 4 5 6 7 |  7.0
Spellcasting   | 3 4 5 |  5.5
Ice Magic      | 2 3 4 |  4.7
Unarmed Combat | 5 |  5.3
Dodging        | 3 |  3.2
Fighting       | 2 |  2.0
Stealth        | |  0.4

Action                   |  1- 3 |  4- 6 |  7- 9 || total
-------------------------+-------+-------+-------++-------
Melee: Unarmed           |    87 |   120 |   240 ||   447
       Constrict         |    26 |    25 |     5 ||    56
       Tentacles         |    14 |    15 |     7 ||    36
       Punch             |     3 |     2 |       ||     5
       Kick              |       |     2 |       ||     2
 Cast: Sticks to Snakes  |     1 |     4 |     6 ||    11
       Beastly Appendage |     1 |     2 |       ||     3
       Ice Form          |       |     3 |    16 ||    19
Evoke: Wand              |       |       |     1 ||     1
  Use: Scroll            |       |     8 |     2 ||    10
       Potion            |       |       |     2 ||     2
 Stab: Sleeping          |     5 |     2 |       ||     7
       Invisible         |       |       |     5 ||     5
  Eat: Chunk             |     2 |     7 |     8 ||    17
       Ration            |       |     2 |     1 ||     3
Armor: Skin              |    13 |    30 |    84 ||   127
Dodge: Dodged            |    71 |   126 |   108 ||   305
